 Dungeon Crawl Stone Soup version 0.21.1 (webtiles) character file.

179 letownia2 the Skirmisher (level 5, -1/46 HPs)
             Began as a Formicid Artificer on Feb 2, 2018.
             Slain by a human zombie (4 damage)
             ... on level 4 of the Dungeon.
             The game lasted 00:03:44 (1656 turns).

letownia2 the Skirmisher (Formicid Artificer)       Turns: 1656, Time: 00:03:45

Health: -1/46      AC:  5    Str: 17    XL:     5   Next: 90%
Magic:  7/7        EV: 11    Int: 11    God:
Gold:   49         SH:  0    Dex: 11    Spells: 4/4 levels left

rFire    . . .     SeeInvis +   a - +0 short sword
rCold    . . .     Gourm    .   (no shield)
rNeg     . . .     Faith    .   k - +0 ring mail
rPois    .         Spirit   .   (helmet unavailable)
rElec    .         Reflect  .   (no cloak)
rCorr    .         Harm     .   (no gloves)
MR       .....                  (no boots)
Stlth    +.........             (no amulet)
HPRegen  0.15/turn              (no ring)
MPRegen  0.10/turn              (no ring)

@: no status effects
A: permanent stasis, dig shafts and tunnels, four strong arms, antennae 3
a: Dig, Shaft Self


You were on level 4 of the Dungeon.
You were not hungry.

You visited 1 branch of the dungeon, and saw 4 of its levels.

You collected 49 gold pieces.

Inventory:

Hand Weapons
 a - a +0 short sword (weapon)
Armour
 b - a +0 leather armour
 k - a +0 ring mail (worn)
Wands
 d - a wand of enslavement (15)
 e - a wand of random effects (14)
Scrolls
 h - a scroll of fear {unknown}
 j - a scroll of teleportation {unknown}
 n - a scroll of identify {unknown}
Potions
 g - a potion of resistance {unknown}
 l - a potion of might {unknown}
 m - a potion of lignification {unknown}
Comestibles
 f - 4 rations
 i - 5 chunks of flesh


   Skills:
 + Level 5.8 Fighting
 - Level 1.0 Short Blades
 - Level 1.7 Dodging
 - Level 1.2 Stealth
 - Level 3.2 Evocations


You had 4 spell levels left.
You didn't know any spells.

Dungeon Overview and Level Annotations

Branches:
Dungeon (4/15)
 Temple: D:4-7

Altars:

Shops:
D:4 [


Innate Abilities, Weirdness & Mutations

You cannot be hasted, slowed, berserked, paralysed or teleported.
You can dig through walls and to a lower floor.
Your four strong arms can wield two-handed weapons with a shield.
You have a pair of large antennae on your head. (SInv)


Message History

The human zombie is heavily damaged.
The human zombie barely misses you.
Evoke which item? (* to show all) (? for menu, Esc to quit)
Aiming: Throw Flame
Press: ? - help, Shift-Dir - straight line, f/p - human zombie
Aim: a human zombie (heavily damaged, fast)
The puff of flame hits the human zombie.
The human zombie is severely damaged.
The human zombie hits you.
* * * LOW HITPOINT WARNING * * *
The human zombie hits you.
* * * LOW HITPOINT WARNING * * *
Evoke which item? (* to show all) (? for menu, Esc to quit)
Aiming: Throw Flame
Press: ? - help, Shift-Dir - straight line, f/p - human zombie
Aim: a human zombie (severely damaged, fast)
The puff of flame hits the human zombie.
The human zombie is almost destroyed.
The now-empty wand crumbles to dust.
The human zombie hits you.
You die...

#.# ######.#
#...##.###.##
#.............
#...##.###....
##.###.$. #.
##.#######
#......###.#
######@....# {
#...Z.#####
#+##### {


You could see a human zombie.

Vanquished Creatures
  A scorpion (D:4)
  2 hounds (D:4)
  An orc wizard (D:3)
  An adder (D:3)
  2 oozes (D:3)
  An adder skeleton (D:4)
  A dart slug (D:3)
  2 orcs (D:3)
  A giant cockroach (D:3)
  A goblin (D:3)
  5 hobgoblins
  A jackal (D:3)
  A bat (D:3)
  2 frilled lizards
  A leopard gecko skeleton (D:4)
  2 rats (D:1)
25 creatures vanquished.

Notes
Turn   | Place    | Note
-------+----------+-------------------------------------------
     0 | D:1      | letownia2 the Formicid Artificer began the quest for the Orb.
     0 | D:1      | Reached XP level 1. HP: 15/15 MP: 3/3
   336 | D:1      | Reached skill level 2 in Fighting
   337 | D:1      | Reached XP level 2. HP: 14/22 MP: 4/4
   496 | D:1      | You fall through a shaft!
   868 | D:3      | Reached skill level 3 in Fighting
   868 | D:3      | Reached XP level 3. HP: 5/30 MP: 5/5
   966 | D:3      | Reached XP level 4. HP: 15/37 MP: 6/6
  1076 | D:3      | Reached skill level 4 in Fighting
  1542 | D:4      | Found Bowayn's Antique Armour Shop.
  1571 | D:4      | Reached XP level 5. HP: 35/43 MP: 7/7
  1592 | D:4      | Reached skill level 5 in Fighting
  1656 | D:4      | Slain by a human zombie

Skill      XL: |  1  2  3  4  5 |
---------------+----------------+-----
Fighting       | 2 3 4 5 |  5.8
Short Blades   | |  1.0
Dodging        | |  1.7
Stealth        | |  1.2
Evocations     | |  3.2

Action                   |  1- 3 |  4- 6 || total
-------------------------+-------+-------++-------
Melee: Short sword       |    50 |    87 ||   137
 Abil: Shaft Self        |     1 |       ||     1
       Dig               |       |     3 ||     3
Evoke: Wand              |     3 |    13 ||    16
  Eat: Chunk             |     1 |     2 ||     3
Armor: Leather armour    |    15 |     5 ||    20
       Ring mail         |       |    20 ||    20
Dodge: Dodged            |    27 |    49 ||    76
